 Dungeon Crawl Stone Soup version 0.25.0-26-g0c896c7088 (webtiles) character file.

Game seed: 17888403093857402822

178 MisterFreud the Cutter (level 5, 0/35 HPs)
             Began as a Halfling Abyssal Knight on July 1, 2020.
             Was a Follower of Okawaru.
             Killed from afar by an orc wizard (6 damage)
             ... with a puff of flame
             ... on level 3 of the Dungeon.
             The game lasted 00:06:37 (2899 turns).

MisterFreud the Cutter (Halfling Abyssal Knight)    Turns: 2899, Time: 00:06:37

Health: 0/35       AC:  5    Str: 13    XL:     5   Next: 89%
Magic:  4/6        EV: 20    Int: 10    God:    Okawaru [*.....]
Gold:   93         SH:  0    Dex: 15    Spells: 4/4 levels left

rFire    . . .     SeeInvis .   a - +1 short sword
rCold    . . .     Gourm    .   (shield restricted)
rNeg     . . .     Faith    .   b - +0 leather armour
rPois    .         Spirit   .   l - +2 hat
rElec    .         Reflect  .   (no cloak)
rCorr    .         Harm     .   (no gloves)
MR       .....                  (no boots)
Stlth    ++++......             (no amulet)
HPRegen  0.11/turn              (no ring)
MPRegen  0.10/turn              (no ring)

@: heroism
A: small, mutation resistance 1
a: Heroism, Renounce Religion


You were on level 3 of the Dungeon.
You worshipped Okawaru.
Okawaru was aware of your devotion.
You were hungry.

You visited 1 branch of the dungeon, and saw 3 of its levels.
You visited the Abyss 1 time.

You collected 93 gold pieces.

Inventory:

Hand Weapons
 a - a +1 short sword (weapon)
Missiles
 f - 32 stones
 i - 10 boomerangs (quivered)
 j - 8 sling bullets
Armour
 b - a +0 leather armour (worn)
 l - a +2 hat (worn)
Scrolls
 d - a scroll of remove curse {unknown}
 g - 2 scrolls of identify {unknown}
 h - a scroll of amnesia {unknown}
 m - a scroll of enchant armour {unknown}
 n - a scroll of teleportation {unknown}
 o - 2 scrolls of enchant weapon {unknown}
 q - a scroll of immolation {unknown}
Potions
 k - a potion of brilliance {unknown}
Comestibles
 c - a ration
 p - 5 chunks of flesh


   Skills:
 - Level 2.6(7.6) Fighting
 - Level 4.0(9.0) Short Blades
 - Level 2.1(7.1) Armour
 + Level 3.2(8.2) Dodging
 - Level 4.0(9.0) Stealth
 - Level 2.0 Invocations


You had 4 spell levels left.
You didn't know any spells.
Your spell library was empty.

Dungeon Overview and Level Annotations

Branches:
Dungeon (3/15)

Altars:
Dithmenos
Makhleb
Okawaru
Wu Jian
Xom

Annotations:
D:2 2 transporters


Innate Abilities, Weirdness & Mutations

You are small and have problems with some larger weapons.
You are somewhat resistant to further mutation.


Message History

You barely miss the orc wizard.
The orc wizard is moderately wounded.
The orc wizard hits you with a +3 dagger.
You gain the combat prowess of a mighty hero.
The orc wizard hits you but does no damage.
You hit the orc wizard.
The orc wizard is heavily wounded.
The orc wizard gestures at you while chanting.
The puff of flame hits you.
* * * LOW HITPOINT WARNING * * *
You hit the orc wizard.
The orc wizard is severely wounded.
The orc wizard misses you.
You barely miss the orc wizard.
The orc wizard is severely wounded.
You hit the orc wizard but do no damage.
The orc wizard is severely wounded.
The orc wizard points at you and mumbles some strange words.
The puff of flame hits you.
You die...

........# #.......#
#.......# ..###
#.......#
#.....#.......#
#........h....#
##########......#
#..o#..#..).....#
#.#@#..#........###
#.#)#....#.>......#
#o#.#.h......####.#
#.#..........# .
####.######..#..#
#..[.)...)...#.....
##.##.#####)..#.#####
#...#.#....#..#.#
#.###.#.##.##.#..


You could see an orc wizard.

Vanquished Creatures
  An iron imp (D:2)
  An orc wizard (D:3)
  2 adders (D:2)
  3 gnolls
  3 worms (D:2)
  3 dart slugs
  2 orcs (D:3)
  4 giant cockroaches
  10 hobgoblins
  7 jackals
  6 kobolds
  A quokka (D:2)
  5 bats
  3 frilled lizards
  3 goblins
  2 rats
56 creatures vanquished.

Notes
Turn   | Place    | Note
-------+----------+-------------------------------------------
     0 | Abyss:1  | MisterFreud the Halfling Abyssal Knight began the quest for
                  | the Orb.
     0 | Abyss:1  | Reached XP level 1. HP: 15/15 MP: 2/2
    10 | D:1      | Escaped the Abyss
   246 | D:1      | Reached skill level 1 in Stealth
   341 | D:1      | Reached XP level 2. HP: 18/20 MP: 3/3
   678 | D:2      | Found a shimmering altar of Xom.
   679 | D:2      | Found a shimmering altar of Xom.
   702 | D:2      | Reached XP level 3. HP: 8/25 MP: 4/4
  1014 | D:2      | Found an ornate altar of the Wu Jian Council.
  1182 | D:2      | Found a burning altar of Makhleb.
  1204 | D:2      | Reached XP level 4. HP: 26/30 MP: 5/5
  1399 | D:2      | Reached ** piety under Lugonu
  1412 | D:2      | Found a transporter.
  1412 | D:2      | Noticed a big kobold
  1427 | D:2      | Found a shadowy altar of Dithmenos.
  1439 | D:2      | Found a transporter.
  1716 | D:2      | Found a faded altar of an unknown god.
  1792 | D:2      | Fell from the grace of Lugonu
  1792 | D:2      | Became a worshipper of Warmaster Okawaru
  1792 | D:2      | Reached * piety under Okawaru
  2118 | D:2      | Found a shimmering altar of Xom.
  2119 | D:2      | Found a shimmering altar of Xom.
  2119 | D:2      | Found a shimmering altar of Xom.
  2128 | D:2      | Reached XP level 5. HP: 35/35 MP: 6/6
  2349 | D:3      | Noticed an ogre
  2899 | D:3      | Killed from afar by an orc wizard

Illustrated notes

Levels and vault maps discovered:
D:1:      dpeg_chamrin_arrival_tetris, layout_basic, columned_hall_lemuel,
          minmay_pentomino_s2
D:2:      layout_loops_cross, xom_redecorated, nicolae_overflow_crystal_walls,
          gammafunk_temple_overflow_arena, makhleb_grotto_becter,
          chequers_ecumenical_altar_island
D:3:      layout_basic, vehumet_crystals

Skill      XL: |  1  2  3  4  5 |
---------------+----------------+-----
Stealth        | 1 2 3 4 |  4.0
Short Blades   | 3 4 |  4.0
Dodging        | 3 |  3.2
Fighting       | |  2.6
Armour         | |  2.1
Invocations    | |  2.0

Action                   |  1- 3 |  4- 6 || total
-------------------------+-------+-------++-------
Melee: Short sword       |   105 |   162 ||   267
Invok: Heroism           |       |     5 ||     5
  Use: Potion            |       |     1 ||     1
 Stab: Sleeping          |     1 |     4 ||     5
  Eat: Chunk             |     1 |     5 ||     6
Armor: Leather armour    |    24 |    44 ||    68
Dodge: Dodged            |    60 |   109 ||   169
